 Dungeon Crawl Stone Soup version 0.29-a0-356-g7bc237e783 (webtiles) character file.

Game seed: 13734591091865619678

3180 thiscave3701365 the Severer (level 9, -2/72 HPs)
             Began as a Minotaur Berserker on Apr 25, 2022.
             Was an Elder of Trog.
             Slain by a troll (6 damage)
             ... on level 8 of the Dungeon.
             The game lasted 00:07:58 (9184 turns).

thiscave3701365 the Severer (Minotaur Berserker)    Turns: 9184, Time: 00:07:59

Health: -2/72      AC: 19    Str: 31    XL:     9   Next: 63%
Magic:  8/8        EV:  9    Int:  4    God:    Trog [****..]
Gold:   507        SH:  0    Dex: 11    Spells: 8/8 levels left

rFire   . . .      SeeInvis .   a - +0 hand axe
rCold   . . .      Faith    .   (no shield)
rNeg    . . .      Spirit   .   q - +4 chain mail
rPois   .          Reflect  .   (helmet restricted)
rElec   .          Harm     .   (no cloak)
rCorr   .          Rampage  .   J - +0 pair of gloves
Will    .....                   (no boots)
Stlth   ..........              (no amulet)
HPRegen 0.22/turn               u - +4 ring of protection
MPRegen 0.11/turn               H - +6 ring of strength

@: on berserk cooldown, slowed, very slow
A: horns 2, retaliatory headbutt
a: Renounce Religion, Berserk, Trog's Hand, Brothers in Arms


You were on level 8 of the Dungeon.
You worshipped Trog.
Trog was greatly pleased with you.
You visited 1 branch of the dungeon, and saw 8 of its levels.
You also visited: Ossuary.

You collected 507 gold pieces.

Inventory:

Hand Weapons
 a - a +0 hand axe (weapon)
 D - the +1 mace of the Unspeakable One {venom, *Slow Int+7 SInv}
   (You found it on level 6 of the Dungeon)

   It poisons the flesh of those it strikes.
   Int:       It affects your intelligence (+7).
   SInv:      It lets you see invisible.
   *Slow:     It may slow you when you take damage.
Armour
 q - a +4 chain mail (worn)
 y - a +0 plate armour
 J - a +0 pair of gloves (worn)
Jewellery
 u - a +4 ring of protection (left hand)
 E - an amulet of guardian spirit
 H - a +6 ring of strength (right hand)
Wands
 g - a wand of flame (21)
 B - a wand of digging (3)
 F - a wand of iceblast (8)
 I - a wand of acid (7)
 K - a wand of mindburst (16)
Scrolls
 c - 2 scrolls of fear {unknown}
 d - 2 scrolls of silence {unknown}
 e - 9 scrolls of identify {unknown}
 k - a scroll of noise {unknown}
 l - a scroll of torment {unknown}
 n - 3 scrolls of immolation {unknown}
 o - 2 scrolls of vulnerability {unknown}
 r - 4 scrolls of teleportation {unknown}
 s - 2 scrolls of amnesia {unknown}
 v - a scroll of magic mapping {unknown}
 w - a scroll of summoning {unknown}
 A - 3 scrolls of blinking {unknown}
Potions
 b - 2 potions of ambrosia {unknown}
 f - 3 potions of heal wounds {unknown}
 h - 2 potions of flight {unknown}
 i - a potion of attraction {unknown}
 j - 2 potions of cancellation {unknown}
 m - 3 potions of curing {unknown}
 p - 2 potions of degeneration {unknown}
 t - 2 potions of haste {unknown}
 x - 2 potions of resistance {unknown}
 z - a potion of lignification {unknown}
 C - a potion of magic {unknown}
 G - a potion of mutation {unknown}


   Skills:
 + Level 4.7 Fighting
 + Level 15.1 Axes
 + Level 5.4 Armour
 + Level 2.7 Dodging
 + Level 0.3 Stealth


You had 8 spell levels left.
You didn't know any spells.
Your spell library was empty.

Dungeon Overview and Level Annotations

Branches:
Dungeon (8/15)             Temple (0/1) D:7            Lair (0/6) D:8
Ossuary (visited)

Altars:
Makhleb
Nemelex Xobeh
Okawaru

Shops:
D:3 :   D:5 *

Annotations:
D:6 4 runed translucent doors, Antichthon's ghost, novice NaWr; Chaicat's ghost, novice DrBe; Crazy Yiuf; pokeman's ghost, novice DEWz


Innate Abilities, Weirdness & Mutations

You have a pair of horns on your head.
You reflexively headbutt those who attack you in melee.


Message History

The troll is moderately wounded.
The electric eel shoots out a bolt of lightning at you!
The bolt of electricity hits you! The troll bites you but does no damage.
The troll claws you but does no damage. x2
Your unstable footing causes you to fumble your attack.
The troll closely misses you. The troll completely misses you.
The troll claws you.
Unknown command.
You are too injured to fight recklessly!
You are too injured to fight recklessly!
Unknown command.
The electric eel shoots out a bolt of lightning at you!
The bolt of electricity hits you. The troll closely misses you. x2
The troll claws you but does no damage. The troll attacks as you move away!
The troll bites you!
The troll claws you but does no damage. x2; The troll misses you.
The troll claws you but does no damage. The troll claws you.
The troll closely misses you. The troll claws you but does no damage.
The troll barely misses you.
A hound comes into view.
The electric eel shoots out a bolt of lightning at you!
The bolt of electricity hits you.
* * * LOW HITPOINT WARNING * * *
The troll bites you but does no damage. The troll claws you!
* * * LOW HITPOINT WARNING * * *
The troll claws you.
* * * LOW HITPOINT WARNING * * *
Okay, then.
The troll attacks as you move away! The troll bites you but does no damage.
The troll barely misses you. The troll completely misses you.
Unknown command.
You hit the troll but do no damage. The troll bites you but does no damage.
The troll claws you.
* * * LOW HITPOINT WARNING * * *
The troll claws you but does no damage. The troll bites you but does no damage.
The troll claws you.
* * * LOW HITPOINT WARNING * * *
The troll barely misses you.
You barely miss the troll. Your headbutt misses the troll. The troll bites you.
You die...

..≈≈≈≈≈≈..†..........
....≈.≈...S...#####
...≈..............#
.#......####.....#
#......# #.....#
#......# #..†..#..#
##......# ###..###.#
#...T#### ##'####.#
#...@# #.....#..
#....# #.....+..
#....# ##...##..
.....## ##'####..
....... #........
....... #....##.)
....... #....##.)
....... ###..##..
#..##..


You could see a troll and an electric eel.

Vanquished Creatures
  A wyvern (D:5)
  Menkaure (D:5)
  Duvessa (D:5)
  A water moccasin (D:7)
  2 orc warriors
  4 black bears
  An ice beast (D:7)
  2 wolves (D:8)
  An ogre (D:4)
  3 centaurs
  A phantom (D:7)
  Blork the orc (D:6)
  3 bullfrogs
  3 scorpions
  Dowan (D:5)
  A howler monkey (D:5)
  2 electric eels (D:8)
  A human zombie (Ossuary)
  7 hounds
  A gnoll shaman (D:5)
  2 orc priests
  Natasha (thrice) (D:4)
  5 iguanas
  5 orc wizards
  3 mummies (Ossuary)
  4 gnolls (D:5)
  3 adders
  A shadow imp (D:6)
  An adder zombie (Ossuary)
  A worm (D:3)
  2 dart slugs
  23 orcs
  13 ball pythons
  11 endoplasms
  3 giant cockroaches
  3 goblins (D:3)
  12 hobgoblins
  2 jackals (D:3)
  8 kobolds
  4 bats (D:2)
  3 frilled lizards
  2 goblin zombies (Ossuary)
  3 hobgoblin zombies (Ossuary)
  3 kobold zombies (Ossuary)
  3 quokka zombies (Ossuary)
  5 rats
  5 rat zombies (Ossuary)
171 creatures vanquished.

Vanquished Creatures (others)
  A bush (D:6)
1 creature vanquished.

Grand Total: 172 creatures vanquished

Notes
Turn   | Place    | Note
-------+----------+-------------------------------------------
     0 | D:1      | thiscave3701365 the Minotaur Berserker began the quest for
                  | the Orb.
     0 | D:1      | Reached XP level 1. HP: 19/19 MP: 0/0
    42 | D:1      | Reached XP level 2. HP: 25/27 MP: 1/1
   245 | D:1      | Reached skill level 4 in Axes
  1165 | D:1      | Found a faded altar of an unknown god.
  1391 | D:2      | Reached XP level 3. HP: 32/33 MP: 2/2
  1868 | D:2      | Reached ** piety under Trog
  2022 | D:2      | Reached skill level 5 in Axes
  2285 | D:3      | Found Fomidgh's Book Boutique.
  2381 | D:3      | Reached XP level 4. HP: 37/40 MP: 3/3
  2883 | D:3      | Found an iron altar of Okawaru.
  3099 | D:4      | Noticed Natasha
  3110 | D:4      | Killed Natasha
  3111 | D:4      | Reached skill level 6 in Axes
  3144 | D:4      | Noticed a scorpion
  3150 | D:4      | Killed a scorpion
  3151 | D:4      | Reached XP level 5. HP: 46/46 MP: 4/4
  3191 | D:4      | Reached skill level 7 in Axes
  3451 | D:4      | Noticed an ogre
  3455 | D:4      | Killed an ogre
  3456 | D:4      | Reached XP level 6. HP: 47/52 MP: 5/5
  3489 | D:4      | Noticed Natasha
  3497 | D:4      | Killed Natasha
  3498 | D:4      | Reached skill level 8 in Axes
  3549 | D:4      | Reached *** piety under Trog
  3967 | D:4      | Noticed Natasha
  3976 | D:4      | Killed Natasha
  4431 | D:5      | Entered Level 5 of the Dungeon
  4452 | D:5      | Reached skill level 9 in Axes
  4491 | D:5      | Reached XP level 7. HP: 50/59 MP: 6/6
  4564 | D:5      | Reached skill level 10 in Axes
  4635 | D:5      | Found Xawnaz's General Store.
  4662 | D:5      | Found a burning altar of Makhleb.
  4665 | D:5      | Found a sand-covered staircase.
  4721 | Ossuary  | Entered an ossuary
  5138 | D:5      | Noticed a wyvern
  5145 | D:5      | Killed a wyvern
  5146 | D:5      | Reached skill level 11 in Axes
  5146 | D:5      | Reached XP level 8. HP: 52/66 MP: 7/7
  5901 | D:5      | Noticed Dowan
  5902 | D:5      | Noticed Duvessa
  5911 | D:5      | Killed Dowan
  5919 | D:5      | Killed Duvessa
  5920 | D:5      | Reached skill level 12 in Axes
  5987 | D:5      | Noticed Menkaure
  5994 | D:5      | Killed Menkaure
  6649 | D:6      | Found a sparkling altar of Nemelex Xobeh.
  6685 | D:6      | Noticed Blork the orc
  6698 | D:6      | Killed Blork the orc
  6699 | D:6      | Reached skill level 13 in Axes
  7329 | D:6      | Found a runed translucent door.
  7333 | D:6      | Noticed Crazy Yiuf
  7476 | D:6      | Reached **** piety under Trog
  7804 | D:6      | Found a runed translucent gate.
  7804 | D:6      | Found a runed translucent gate.
  7805 | D:6      | Found a runed translucent gate.
  7807 | D:6      | Noticed Chaicat's ghost (novice DrBe)
  7807 | D:6      | Noticed Antichthon's ghost (novice NaWr)
  7807 | D:6      | Noticed pokeman's ghost (novice DEWz)
  7855 | D:6      | Identified the +1 mace of the Unspeakable One {venom, *Slow
                  | Int+7 SInv}
  7933 | D:7      | Reached skill level 14 in Axes
  7933 | D:7      | Reached XP level 9. HP: 70/71 MP: 8/8
  8922 | D:7      | Found a staircase to the Ecumenical Temple.
  8961 | D:7      | Identified the +3 ring mail of Lesser Demons {rPois Will+}
  9152 | D:8      | Found a staircase to the Lair.
  9161 | D:8      | Reached skill level 15 in Axes
  9163 | D:8      | Reached skill level 5 in Armour
  9169 | D:8      | Noticed a troll
  9184 | D:8      | Slain by a troll

Illustrated notes

Levels and vault maps discovered:
D:1:      nicolae_arrival_washed_ashore, layout_basic,
          hellmonk_ecumenical_altar_inner_sanctum, minmay_shallow_snake_nest
D:2:      layout_basic
D:3:      layout_basic, mainiacjoe_overflow_24_doors, serial_shops, shop
D:4:      layout_basic, kennysheep_generic_room_12, uniq_natasha
D:5:      dreamdust_elfheim, layout_basic, lemuel_crystal_altar, serial_shops,
          kennysheep_mini, enter_ossuary_1, uniq_menkaure
D:6:      layout_cave_pools, nemelex_diamond_rough_becter,
          gammafunk_ghost_cemetery, nrook_mini_backslash,
          dreamdust_wishing_well, kb_lookout_dungeons_type,
          hangedman_decor_points, dk_noncrumbling_4, uniq_blork_the_orc,
          uniq_crazy_yiuf_cottage
D:7:      layout_loops_corners, lemuel_temple_firewalk_b
D:8:      layout_gridville, erik_lair_island

Skill      XL: |  1  2  3  4  5  6  7  8  9 |
---------------+----------------------------+-----
Axes           | 4 5 6 7 9 11 14 15 | 15.1
Fighting       | 4 |  4.7
Armour         | 5 |  5.4
Dodging        | |  2.7
Stealth        | |  0.3

Action                   |  1- 3 |  4- 6 |  7- 9 || total
-------------------------+-------+-------+-------++-------
Melee: Hand axe          |   102 |   113 |   249 ||   464
       Headbutt          |     4 |    21 |    56 ||    81
       Punch             |     1 |     1 |     4 ||     6
Invok: Berserk           |     2 |     2 |    11 ||    15
Armor: Animal skin       |     3 |       |       ||     3
       Chain mail        |    41 |    74 |   131 ||   246
Dodge: Dodged            |    51 |    41 |   104 ||   196

Table legend: (Time is in decaauts)
 A = Elapsed time spent in this place.
 B = Non-inter-level travel time spent in this place.
 C = Inter-level travel time spent in this place.
 D = Time resting spent in this place.
 E = Time spent auto-exploring this place.
 F = Levels seen in this place.
 G = Mean time per level.
                   A        B        C        D        E       F      G
               +--------+--------+--------+--------+--------+-----+--------+
         Total |   9234 |   8924 |    310 |   1976 |   5976 |   9 | 1026.0 |
       Dungeon |   8994 |   8684 |    310 |   1976 |   5817 |   8 | 1124.2 |
       Ossuary |    240 |    240 |      0 |      0 |    159 |   1 |  240.0 |
               +--------+--------+--------+--------+--------+-----+--------+

Top non-repeatable levels by time:
     D:5: 1846 daAuts
     D:6: 1409 daAuts
     D:1: 1404 daAuts
     D:4: 1356 daAuts
     D:7: 1088 daAuts
     D:2: 870 daAuts
     D:3: 851 daAuts
 Ossuary: 240 daAuts
     D:8: 166 daAuts
